 Dungeon Crawl Stone Soup version 0.17.0-28-g6e173f8 (webtiles) character file.

154 dohliylev the Covert (level 5, -5/38 HPs)
             Began as a Vampire Assassin on Nov 22, 2015.
             Killed from afar by an orc (8 damage)
             ... with a wand of cold
             ... on level 3 of the Dungeon.
             The game lasted 00:27:56 (3154 turns).

dohliylev the Covert (Vampire Assassin)             Turns: 3154, Time: 00:27:56

Health: -5/38      AC:  5    Str: 10    XL:     5   Next: 13%
Magic:  5/5        EV: 12    Int: 13    God:
Gold:   97         SH:  0    Dex: 17    Spells: 0 memorised, 4 levels left

rFire  . . .     SeeInvis +     a - +2 dagger
rCold  . . .     Clarity  .     c - +0 robe
rNeg   + . .     SustAt   .     (no shield)
rPois  .         Gourm    .     (no helmet)
rElec  .         Spirit   .     z - +0 cloak
rCorr  .         Warding  .     o - +0 pair of gloves
rMut   .         Stasis   .     y - +0 pair of boots (curse)
MR     .....                    (no amulet)
Stlth  +++++.....               (no ring)
                                (no ring)

@: not resistant to hostile enchantments, quite stealthy
A: fangs 3, see invisible, unbreathing
a: Bat Form


You were on level 3 of the Dungeon.
You were not thirsty.

You visited 1 branch of the dungeon, and saw 4 of its levels.

You collected 97 gold pieces.

Inventory:

Hand Weapons
 a - a +2 dagger (weapon)
 b - a +0 blowgun
Missiles
 f - 2 curare-tipped needles
 s - 12 arrows of flame
 t - 9 arrows of frost
 v - 16 bolts
Armour
 c - a +0 robe (worn)
 d - a +0 cloak
 o - a +0 pair of gloves (worn)
 y - a cursed +0 pair of boots (worn)
 z - a +0 cloak (worn)
Wands
 u - a wand of digging (12)
Scrolls
 i - a scroll of recharging {unknown}
 k - a scroll of fear {unknown}
 l - a scroll of amnesia {unknown}
 m - a scroll of enchant armour {unknown}
 n - a scroll of magic mapping {unknown}
 q - 2 scrolls of immolation
 w - a scroll of identify {unknown}
 x - a scroll of teleportation {unknown}
Potions
 g - 10 potions of blood
 h - a potion of curing {unknown}
 j - a potion of cancellation {unknown}
 p - a potion of brilliance {unknown}
 r - a potion of lignification {unknown}
 A - a potion of haste {unknown}


   Skills:
 + Level 1.8 Fighting
 * Level 3.1 Short Blades
 + Level 2.0 Throwing
 * Level 1.8 Dodging
 * Level 8.5 Stealth


You had 4 spell levels left.
You didn't know any spells.

Dungeon Overview and Level Annotations

Branches:
Dungeon (4/15)
 Temple: D:4-7

Altars:
Okawaru
The Shining One


Innate Abilities, Weirdness & Mutations

You have razor-sharp teeth.
You have supernaturally acute eyesight.
You can survive without breathing.


Message History

You are electrocuted!
The orc zaps a wand.
The bolt of cold hits you!
* * * LOW HITPOINT WARNING * * *
The orc priest mumbles some strange prayers to Beogh against you.
Pain shoots through your body!
* * * LOW HITPOINT WARNING * * *
You climb upwards.
There is a stone staircase leading down here.
The orc hits you but does no damage.
The orc priest invokes the aid of Beogh against you.
You struggle to resist.
You climb downwards.
There is a stone staircase leading up here.
The orc hits you but does no damage.
The orc priest miscasts a cantrip.
The orc priest invokes the aid of Beogh against you.
Pain shoots through your body!
* * * LOW HITPOINT WARNING * * *
The orc zaps a wand.
The bolt of cold hits you!
You die...

#..................# ...>.
#####.##.............#......
......##.............#......
########......[.............
######.#####)....<###...
#...............o.#
#.##o#........o...#
#.##.#.#####......#
#........# #.@....#
#...o.............#
.....(.#######.######
...(..o #.# ..#.##. #.# o.
#. .. ... # #. .. .. ##.


You could see an orc priest and an orc.

Vanquished Creatures
  2 orc priests
  A gnoll (D:1)
  3 adders
  An ooze (D:1)
  A worm (D:2)
  5 orcs
  A ball python (D:1)
  7 bats
  5 goblins
  8 hobgoblins
  3 kobolds (D:2)
  4 giant newts
  4 rats
45 creatures vanquished.

Notes
Turn   | Place    | Note
--------------------------------------------------------------
     0 | D:1      | dohliylev the Vampire Assassin began the quest for the Orb.
     0 | D:1      | Reached XP level 1. HP: 16/16 MP: 1/1
    21 | D:1      | You fall through a shaft!
    55 | D:2      | Reached skill level 6 in Stealth
    83 | D:2      | Reached XP level 2. HP: 17/22 MP: 2/2
   325 | D:1      | Reached XP level 3. HP: 9/27 MP: 3/3
   362 | D:1      | Reached skill level 7 in Stealth
  1087 | D:2      | Found a glowing golden altar of the Shining One.
  1220 | D:2      | Found an iron altar of Okawaru.
  2127 | D:4      | Reached XP level 4. HP: 33/33 MP: 4/4
  2143 | D:4      | Noticed a scorpion
  2195 | D:4      | Reached skill level 8 in Stealth
  2206 | D:4      | Noticed a phantom
  2980 | D:3      | Reached XP level 5. HP: 20/38 MP: 5/5
  3154 | D:3      | Killed from afar by an orc

Action                   |  1- 3 |  4- 6 || total
-------------------------+-------+-------++-------
Melee: Dagger            |    71 |    37 ||   108
 Fire: Blowgun           |    10 |     8 ||    18
  Use: Potion            |     2 |     3 ||     5
       Scroll            |     1 |       ||     1
 Stab: Sleeping          |    18 |     5 ||    23
       Distracted        |       |     1 ||     1
